3382 views
Uploaded 2020-03-25 13:57:11
Game version 1.32.3
13:22 long 1on1 ladder game on (4)TurtleRock
Saved by JumpyWizard
3382 views
Uploaded 2020-03-25 13:57:11
Game version 1.32.3
13:22 long 1on1 ladder game on (4)TurtleRock

17 units @ 2.4k
/ 0.2k
9 buildings @ 1.5k
/ 0.4k


| Healing Salve | 6 | 600 |
| Lesser Clarity Potion | 4 | 280 |
| Scroll of Speed | 3 | 150 |
| Potion of Mana | 1 | 200 |
| Potion of Healing | 1 | 150 |
| Scroll of Town Portal | 1 | 350 |
| Boots of Speed | 1 | 250 |
| total: | 17 | 1980g |
| Peon | 8 | 600 | / | 0 |
| Grunt | 5 | 1000 | / | 0 |
| Raider | 3 | 540 | / | 120 |
| Demolisher | 1 | 220 | / | 50 |
| total: | 17 | 2360g | / | 170w |
| Altar of Storms | 1 | 180 | / | 50 |
| Orc Burrow | 4 | 640 | / | 160 |
| Voodoo Lounge | 1 | 130 | / | 30 |
| Barracks | 1 | 180 | / | 50 |
| War Mill | 1 | 205 | / | 0 |
| Beastiary | 1 | 145 | / | 140 |
| Stronghold | 2 | 630 | / | 380 |
| total: | 9 | 1480g | / | 430w |
| 0:02 | Peon |
| 0:02 | Peon |
| 0:05 | Altar of Storms |
| 0:19 | Orc Burrow |
| 0:25 | Peon |
| 0:40 | Peon |
| 0:45 | Peon |
| 1:04 | Voodoo Lounge |
| 1:17 | Peon |
| 1:21 | Barracks |
| 1:27 | Peon |
| 1:39 | Orc Burrow |
| 1:49 | Peon |
| 2:07 | Healing Salve |
| 2:08 | Healing Salve |
| 2:08 | Lesser Clarity Potion |
| 2:09 | Scroll of Speed |
| 2:12 | Wind Walk |
| 2:29 | Grunt |
| 2:50 | Stronghold |
| 3:01 | Grunt |
| 3:30 | Grunt |
| 3:45 | Boots of Speed |
| 4:19 | Grunt |
| 4:39 | Orc Burrow |
| 5:45 | Lesser Clarity Potion |
| 5:55 | Beastiary |
| 5:59 | Orc Burrow |
| 6:56 | Healing Salve |
| 6:56 | Healing Salve |
| 6:57 | Scroll of Speed |
| 7:00 | Healing Wave |
| 7:01 | Raider |
| 7:01 | Ensnare |
| 7:23 | Berserker Strength |
| 7:24 | War Mill |
| 8:05 | Raider |
| 8:56 | Critical Strike |
| 9:22 | Demolisher |
| 10:19 | Grunt |
| 10:20 | Raider |
| 10:23 | Steel Armor |
| 11:06 | Healing Salve |
| 11:06 | Healing Salve |
| 11:07 | Lesser Clarity Potion |
| 11:09 | Serpent Ward |
| 11:18 | Lesser Clarity Potion |
| 11:22 | Scroll of Speed |
| 11:25 | Potion of Mana |
| 11:27 | Scroll of Town Portal |
| 11:37 | Potion of Healing |
| 11:42 | Thorium Armor |
| 11:50 | Pillage |
| Right click | 1185 |
| Select group | 386 |
| Select | 313 |
| Misc. action | 98 |
| Build/train/purchase | 72 |
| Use ability | 52 |
| Assign group | 46 |
| Minimap ping | 39 |
| Chat | 7 |
| Item give/drop | 2 |
| Remove unit | 1 |
34 units @ 3.6k
/ 0.3k
9 buildings @ 1.5k
/ 0.4k


| Healing Salve | 1 | 100 |
| total: | 1 | 100g |
| Peon | 20 | 1500 | / | 0 |
| Troll Headhunter | 13 | 1820 | / | 260 |
| Wind Rider | 1 | 265 | / | 40 |
| total: | 34 | 3585g | / | 300w |
| Orc Burrow | 4 | 640 | / | 160 |
| Altar of Storms | 1 | 180 | / | 50 |
| War Mill | 1 | 205 | / | 0 |
| Barracks | 1 | 180 | / | 50 |
| Voodoo Lounge | 1 | 130 | / | 30 |
| Beastiary | 1 | 145 | / | 140 |
| Stronghold | 1 | 315 | / | 190 |
| Fortress | 1 | 325 | / | 190 |
| total: | 9 | 1480g | / | 430w |
| 0:03 | Peon |
| 0:03 | Peon |
| 0:03 | Peon |
| 0:24 | Orc Burrow |
| 0:30 | Orc Burrow |
| 0:38 | Altar of Storms |
| 0:42 | Peon |
| 1:07 | War Mill |
| 1:09 | Peon |
| 1:09 | Peon |
| 1:11 | Peon |
| 1:11 | Peon |
| 1:19 | Peon |
| 1:45 | Barracks |
| 1:48 | Peon |
| 1:57 | Peon |
| 2:02 | Peon |
| 2:11 | Peon |
| 2:34 | Orc Burrow |
| 2:49 | Troll Headhunter |
| 2:53 | Peon |
| 2:57 | War Stomp |
| 3:23 | Peon |
| 3:23 | Peon |
| 3:23 | Peon |
| 3:23 | Peon |
| 3:36 | Troll Headhunter |
| 3:47 | Peon |
| 3:57 | Troll Headhunter |
| 4:33 | Troll Headhunter |
| 4:44 | Peon |
| 5:03 | Troll Headhunter |
| 5:47 | Stronghold |
| 5:48 | Troll Headhunter |
| 5:49 | Troll Headhunter |
| 6:01 | Orc Burrow |
| 6:21 | Voodoo Lounge |
| 6:55 | Troll Headhunter |
| 7:22 | Troll Headhunter |
| 7:51 | Steel Armor |
| 7:51 | Steel Ranged Weapons |
| 7:55 | Healing Salve |
| 8:18 | Troll Headhunter |
| 8:24 | Troll Headhunter |
| 9:15 | Troll Regeneration |
| 9:16 | Troll Headhunter |
| 9:19 | Fortress |
| 10:28 | Beastiary |
| 10:43 | Troll Headhunter |
| 11:41 | Berserker Upgrade |
| 12:02 | Wind Rider |
| 12:21 | Healing Wave |
| 12:35 | Endurance Aura |
| Select | 221 |
| Right click | 203 |
| Select group | 123 |
| Build/train/purchase | 69 |
| Misc. action | 24 |
| Assign group | 14 |
| Use ability | 11 |
| Chat | 11 |
| Remove unit | 2 |